 Dungeon Crawl Stone Soup version 0.31-a0-364-gb59cdcccf2 (webtiles) character file.

Game seed: 11198526702124060983

85 floatRand the Ruffian (level 4, -3/35 HPs)
             Began as a Draconian Shapeshifter on July 27, 2023.
             Slain by a gnoll
             ... wielding a +0 halberd
              (12 damage)
             ... on level 3 of the Dungeon.
             The game lasted 00:02:28 (1516 turns).

floatRand the Ruffian (Draconian Shapeshifter)      Turns: 1516, Time: 00:02:29

Health: -3/35      AC:  5    Str: 17    XL:     4   Next: 25%
Magic:  4/4        EV: 12    Int:  9    God:
Gold:   30         SH:  0    Dex: 13    Spells: 3/3 levels left

rFire   . .          .
                       - Unarmed
rCold   . . .        (no shield)
rNeg    . . .        (body armour unavailable)
rPois   .            (helmet currently unavailable)
rElec   .            (cloak currently unavailable)
rCorr   .            (gloves currently unavailable)
SInv    .            (boots currently unavailable)
Will    +....        (no amulet)
Stlth   +            e - ring of flight
HPRegen 0.25/turn    l - ring of willpower
MPRegen 0.09/turn

%: no passive effects
@: beast-form, flying
A: beast (slay +2), AC +5, unfitting armour, cold-blooded
a: Begin Untransformation


You were on level 3 of the Dungeon.
You were a hulking beast.
You visited 1 branch of the dungeon, and saw 3 of its levels.

You collected 42 gold pieces.
You spent 12 gold pieces at shops.

Inventory:

Jewellery
 e - a ring of flight (left hand)
 l - a ring of willpower (right hand)
Talismans
 b - a beast talisman
Potions
 a - a potion of lignification
 f - a potion of resistance


   Skills:
 - Level 1.1 Fighting
 - Level 1.7 Dodging
 + Level 4.2 Unarmed Combat
 + Level 3.8 Shapeshifting


You had 3 spell levels left.
You didn't know any spells.
Your spell library contained the following spells:

 Spells                   Type           Power      Damage    Failure   Level
 Apportation              Tloc           0%         N/A       38%         1
 Cigotuvi's Dreadful Rot  Necr/Pois/Air  0%         N/A       52%         2
 Ignite Poison            Fire/Tmut/Pois 0%         N/A       77%         3
 Alistair's Intoxication  Tmut/Pois      0%         N/A       100%        5
 Freezing Cloud           Conj/Ice/Air   0%         6-21      100%        5


Dungeon Overview and Level Annotations

Branches:
Dungeon (3/15)

Altars:

Shops:
D:1 !   D:2 !:=(


Innate Abilities, Weirdness & Mutations

You are a hulking beast.
Your limbs bulge with bestial killing power. (Slay +2)
Your plain brown scales are hard. (AC +5)
You cannot fit into any form of body armour.
You are cold-blooded and may be slowed by cold attacks.


Message History

You see here a +0 club.
You punch the gnoll!
Your tail-slap misses the gnoll.
The gnoll is severely wounded.
You punch the gnoll!
You kill the gnoll!
The gnoll closely misses you.
You have reached level 4!
You feel clever.
The gnoll hits you from afar with a +0 halberd!
The gnoll hits you with a +0 halberd.
Things that are here:
a +0 whip; a gnoll corpse You punch the gnoll!
The gnoll is severely wounded.
The gnoll hits you from afar with a +0 halberd!
The gnoll barely misses you.
You hit the gnoll. Your punch misses the gnoll.
The gnoll is almost dead.
The gnoll closely misses you. The gnoll hits you with a +0 halberd.
* * * LOW HITPOINT WARNING * * *
You are too injured to fight recklessly!
You are too injured to fight recklessly!
You hit the gnoll.
You kill the gnoll!
The gnoll barely misses you.
You are too injured to fight recklessly!
The gnoll hits you but does no damage.
You see here a +0 halberd.
You are too injured to fight recklessly!
You are too injured to fight recklessly!
You punch the gnoll!
The gnoll is heavily wounded.
The gnoll misses you.
You barely miss the gnoll. You tail-slap the gnoll.
The gnoll is severely wounded.
The gnoll barely misses you.
You closely miss the gnoll.
The gnoll is severely wounded.
The gnoll hits you with a +0 halberd!
You die...

......).....
..............).
...#########....
#.#### #..## #....##
#..# #.....# #..#
#.....# #..#
##.#####.....#####..#
#...gh))............#
##.#####.....#...##.#
................#
##.......####..##
#........# ##.###
#........# #..##
...#####.## ##.#. ###
#.# #..> ####


You could see a gnoll.

Vanquished Creatures
  3 gnolls (D:3)
  3 dart slugs (D:1)
  3 endoplasms (D:1)
  4 giant cockroaches
  4 goblins
  11 hobgoblins
  A quokka (D:2)
  3 ball pythons
  4 bats
  A frilled lizard (D:1)
  7 kobolds
  4 rats (D:2)
48 creatures vanquished.

Notes
Turn   | Place    | Note
-------+----------+-------------------------------------------
     0 | D:1      | floatRand the Draconian Shapeshifter began the quest for
                  | the Orb.
     0 | D:1      | Reached XP level 1. HP: 16/16 MP: 1/1
    38 | D:1      | Reached XP level 2. HP: 13/23 MP: 2/2
   431 | D:1      | Reached XP level 3. HP: 24/28 MP: 3/3
   626 | D:1      | Found Taokug's Distillery.
   632 | D:1      | Bought a potion of degeneration for 12 gold pieces
   689 | D:2      | Found Riroreh's Distillery.
   756 | D:2      | Found Vaito Qiqa's Weapon Shop.
   777 | D:2      | Found Ococaqad's Jewellery Emporium.
  1144 | D:2      | Found Wothy's Book Shop.
  1506 | D:3      | Reached skill level 4 in Unarmed Combat
  1509 | D:3      | Reached XP level 4. HP: 35/35 MP: 4/4
  1516 | D:3      | Slain by a gnoll

Illustrated notes

Levels and vault maps discovered:
D:1:      matt_arrival_diagonals, layout_basic, serial_shops,
          nicolae_shop_getting_attention, feat_on_display
D:2:      layout_loops_ring, serial_shops, nicolae_shop_bloodbath_and_beyond,
          shop, nicolae_shop_getting_attention, nicolae_shop_gaudy_bauble
D:3:      minmay_door_path, layout_basic, nicolae_qazlal_scattered_showers,
          grunt_ministairs_2

Skill      XL: |  1  2  3 |
---------------+----------+-----
Unarmed Combat | 4 |  4.2
Fighting       | |  1.1
Dodging        | |  1.7
Shapeshifting  | |  3.8

Action                     |  1- 3 |  4- 6 || total
---------------------------+-------+-------++-------
  Melee: Unarmed           |    93 |     6 ||    99
         Tailslap          |    11 |     1 ||    12
         Punch             |     4 |       ||     4
    Use: Scroll            |     7 |       ||     7
   Stab: Sleeping          |     2 |       ||     2
 Armour: Skin              |    29 |     1 ||    30
  Dodge: Dodged            |    59 |     5 ||    64

Table legend: (Time is in decaauts)
 A = Elapsed time spent in this place.
 B = Non-inter-level travel time spent in this place.
 C = Inter-level travel time spent in this place.
 D = Time resting spent in this place.
 E = Time spent auto-exploring this place.
 F = Levels seen in this place.
 G = Mean time per level.
                   A        B        C        D        E       F      G
               +--------+--------+--------+--------+--------+-----+--------+
         Total |   1510 |   1457 |     53 |     90 |   1058 |   3 |  503.3 |
       Dungeon |   1510 |   1457 |     53 |     90 |   1058 |   3 |  503.3 |
               +--------+--------+--------+--------+--------+-----+--------+

Top non-repeatable levels by time:
     D:2: 756 daAuts
     D:1: 686 daAuts
     D:3: 66 daAuts
